APL (24 & UNDER)
ATHENS ASSASSINS @ PENSACOLA PILOTS
08/25/2026
 
TOP OF THE 1ST
Athens Assassins batting - Pitching for Pensacola Pilots : RHP Miguel García
Pitching: RHP Miguel García
Batting: SHB José Estreito 0-0: Ball
1-0: Called Strike
1-1: Foul Ball, location: 2F
1-2: SINGLE (Line Drive, 89S)
Batting: RHB Juan Gonzáles Pickoff Throw to First - Out!
0-0: Ball
1-0: Ball
2-0: Called Strike
2-1: Fly out, F8 (Flyball, 8LS)
Batting: LHB Tommy Payne 0-0: Ball
1-0: Called Strike
1-1: Ball
2-1: Ball
3-1: Base on Balls
Batting: LHB Terry Simpson 0-0: Called Strike
0-1: SINGLE (Line Drive, 4D)
Tommy Payne to second
Batting: LHB Xavier Smith 0-0: Ball
1-0: Ball
2-0: Foul Ball, location: 2F
2-1: Called Strike
2-2: Fly out, F9 (Flyball, 9D)
Top of the 1st over - 0 run(s), 2 hit(s), 0 error(s), 2 left on base; Athens 0 - Pensacola 0
BOTTOM OF THE 1ST
Pensacola Pilots batting - Pitching for Athens Assassins : RHP Cisco López
Pitching: RHP Cisco López
Batting: RHB Leopoldo Horgan 0-0: Ball
1-0: Foul Ball, location: 2F
1-1: Fly out, F8 (Flyball, 8LM)
Batting: LHB Nick Gamble 0-0: Ball
1-0: Ball
2-0: Ball
3-0: Base on Balls
Batting: LHB Alan McGilroy 0-0: Swinging Strike
0-1: Swinging Strike
0-2: Strikes out swinging
Nick Gamble steals 2nd base
Batter strikes out.
Batting: RHB José Cordero 0-0: SINGLE (Line Drive, 6MD)
Nick Gamble to third
Runner from 3rd tries for Home, SAFE, throw made home
José Cordero to second
Pitching: RHP Kieron Lahyani
Batting: RHB José Velázquez 0-0: Ground out 2-3 (Groundball, 2R)
Bottom of the 1st over - 1 run(s), 1 hit(s), 0 error(s), 1 left on base; Athens 0 - Pensacola 1
TOP OF THE 2ND
Athens Assassins batting - Pitching for Pensacola Pilots : RHP Miguel García
Batting: LHB Al Bartlett 0-0: Called Strike
0-1: DOUBLE (Flyball, 78XD)
Batting: RHB Emílio García 0-0: SINGLE (Line Drive, 7S)
Al Bartlett to third
Runner from 3rd tries for Home, SAFE, no throw or cutoff
Batting: LHB Mike Davis 0-0: DOUBLE (Line Drive, 7LM)
Emílio García to third
Batting: RHB Ryan Jackson 0-0: Called Strike
0-1: Swinging Strike
0-2: Strikes out swinging
Batting: SHB José Estreito 0-0: Called Strike
0-1: Foul Ball, location: 2F
0-2: SINGLE (Groundball, 6MD)
Emílio García scores
Mike Davis to third
Batting: RHB Juan Gonzáles 0-0: Ball
1-0: Fly out, F8 (Flyball, 8LS)
Batting: LHB Tommy Payne 0-0: Ball
1-0: Ball
José Estreito steals 2nd base
2-0: Swinging Strike
2-1: Foul Ball, location: 2F
2-2: Strikes out swinging
Top of the 2nd over - 2 run(s), 4 hit(s), 0 error(s), 2 left on base; Athens 2 - Pensacola 1
BOTTOM OF THE 2ND
Pensacola Pilots batting - Pitching for Athens Assassins : RHP Kieron Lahyani
Batting: RHB Peter Bishop 0-0: Fly out, F9 (Line Drive, 89S)
Batting: RHB Miguel Mendoza 0-0: Ball
1-0: Ball
2-0: Ball
3-0: Base on Balls
Batting: RHB Jonny Lord 0-0: Called Strike
0-1: Ball
1-1: Ball
2-1: Foul Ball, location: 2F
2-2: Ball
3-2: Fly out, F9 (Flyball, 8RD)
Batting: LHB Jorge Silva 0-0: Ball
Miguel Mendoza steals 2nd base
1-0: Ball
2-0: Called Strike
2-1: Foul Ball, location: 2F
2-2: Ball
3-2: Fly out, F8 (Popup, 4MD)
Bottom of the 2nd over - 0 run(s), 0 hit(s), 0 error(s), 1 left on base; Athens 2 - Pensacola 1
TOP OF THE 3RD
Athens Assassins batting - Pitching for Pensacola Pilots : RHP Miguel García
Batting: LHB Terry Simpson 0-0: Called Strike
0-1: Ball
1-1: Ball
2-1: Ball
3-1: Base on Balls
Batting: LHB Xavier Smith 0-0: Ball
1-0: Ball
2-0: Called Strike
2-1: Foul Ball, location: 2F
2-2: Ball
3-2: Fly out, F7 (Flyball, 78S)
Batting: LHB Al Bartlett 0-0: Swinging Strike
0-1: Ball
1-1: Fly out, F7 (Flyball, 78S)
Batting: RHB Emílio García 0-0: Ball
1-0: Called Strike
1-1: Foul Ball, location: 2F
1-2: Fly out, F8 (Flyball, 8LM)
Top of the 3rd over - 0 run(s), 0 hit(s), 0 error(s), 1 left on base; Athens 2 - Pensacola 1
BOTTOM OF THE 3RD
Pensacola Pilots batting - Pitching for Athens Assassins : RHP Kieron Lahyani
Batting: RHB Leopoldo Horgan 0-0: Ball
1-0: Foul Ball, location: 2F
1-1: Ball
2-1: Ball
3-1: Called Strike
3-2: Strikes out looking
Batting: LHB Nick Gamble 0-0: Ball
1-0: Ball
2-0: Called Strike
2-1: Swinging Strike
2-2: Foul Ball, location: 2F
2-2: Ball
3-2: Foul Ball, location: 2F
3-2: Foul Ball, location: 2F
3-2: SINGLE (Groundball, 13) (infield hit)
Batting: LHB Alan McGilroy 0-0: Ball
1-0: Called Strike
1-1: SINGLE (Line Drive, 56D)
Nick Gamble to second
Batting: RHB José Cordero 0-0: Ground out 5-3 (Groundball, 5S)
Nick Gamble to third
Alan McGilroy to second
Batting: RHB José Velázquez 0-0: Ball
1-0: Ground out 4-3 (Groundball, 4)
Bottom of the 3rd over - 0 run(s), 2 hit(s), 0 error(s), 2 left on base; Athens 2 - Pensacola 1
TOP OF THE 4TH
Athens Assassins batting - Pitching for Pensacola Pilots : RHP Miguel García
Batting: LHB Mike Davis 0-0: Ball
1-0: Ball
2-0: Ball
3-0: Base on Balls
Batting: RHB Ryan Jackson 0-0: Fly out, F8 (Flyball, 8RM)
Batting: SHB José Estreito 0-0: Swinging Strike
0-1: Ball
1-1: Swinging Strike
1-2: Ball
2-2: Ball
3-2: Reached on error, E1 (Groundball, 13)
Mike Davis to second
Batting: RHB Juan Gonzáles 0-0: Ball
1-0: Swinging Strike
1-1: Swinging Strike
1-2: Ball
2-2: Foul Ball, location: 2F
2-2: Ball
3-2: Fly out, F8 (Flyball, 8LM)
Batting: LHB Tommy Payne 0-0: Called Strike
0-1: Swinging Strike
0-2: Foul Ball, location: 2F
0-2: Strikes out looking
Top of the 4th over - 0 run(s), 0 hit(s), 1 error(s), 2 left on base; Athens 2 - Pensacola 1
BOTTOM OF THE 4TH
Pensacola Pilots batting - Pitching for Athens Assassins : RHP Kieron Lahyani
Batting: RHB Peter Bishop 0-0: Foul Ball, location: 2F
0-1: Ball
1-1: Foul Ball, location: 2F
1-2: Strikes out swinging
Pitching: LHP Desi Wells
Batting: RHB Miguel Mendoza 0-0: Ball
1-0: Ball
2-0: Swinging Strike
2-1: Foul Ball, location: 2F
2-2: Fly out, F9 (Flyball, 9M)
Batting: RHB Jonny Lord 0-0: Called Strike
0-1: Ball
1-1: Foul Ball, location: 2F
1-2: SINGLE (Flyball, 8RS)
Batting: LHB Jorge Silva 0-0: Called Strike
0-1: Called Strike
0-2: Ball
1-2: Strikes out swinging
Bottom of the 4th over - 0 run(s), 1 hit(s), 0 error(s), 1 left on base; Athens 2 - Pensacola 1
TOP OF THE 5TH
Athens Assassins batting - Pitching for Pensacola Pilots : RHP Miguel García
Batting: LHB Terry Simpson 0-0: Ball
1-0: Ball
2-0: Fly out, F8 (Flyball, 8LXD)
Batting: LHB Xavier Smith 0-0: Called Strike
0-1: Called Strike
0-2: Strikes out swinging
Batting: LHB Al Bartlett 0-0: Ball
1-0: TRIPLE (Line Drive, 6D)
Batting: RHB Emílio García 0-0: Called Strike
0-1: Foul Ball, location: 2F
0-2: Ball
1-2: Fly out, F7 (Line Drive, 7M)
Top of the 5th over - 0 run(s), 1 hit(s), 0 error(s), 1 left on base; Athens 2 - Pensacola 1
BOTTOM OF THE 5TH
Pensacola Pilots batting - Pitching for Athens Assassins : LHP Desi Wells
Batting: RHB Leopoldo Horgan 0-0: Ball
1-0: Ball
2-0: Ball
3-0: Base on Balls
Batting: LHB Nick Gamble 0-0: SINGLE (Groundball, 5L)
Leopoldo Horgan to second
Batting: LHB Alan McGilroy 0-0: Called Strike
0-1: Ball
1-1: Foul Ball, location: 2F
1-2: Strikes out swinging
Batting: RHB José Cordero 0-0: Ball
1-0: Ball
2-0: Ball
3-0: Called Strike
3-1: Base on Balls
Leopoldo Horgan to third
Nick Gamble to second
Batting: RHB José Velázquez 0-0: Foul Ball, location: 2F
0-1: Foul Ball, location: 2F
0-2: SINGLE (Line Drive, 6)
Leopoldo Horgan scores
Nick Gamble to third
José Cordero to second
Batting: RHB Peter Bishop 0-0: Ball
1-0: Fly out, F8 (Flyball, 78D)
Runner from 3rd tags up, SCORES, no throw
Batting: RHB Miguel Mendoza 0-0: Ball
1-0: Swinging Strike
1-1: Ball
2-1: Called Strike
2-2: Strikes out swinging
Bottom of the 5th over - 2 run(s), 2 hit(s), 0 error(s), 2 left on base; Athens 2 - Pensacola 3
TOP OF THE 6TH
Athens Assassins batting - Pitching for Pensacola Pilots : RHP Miguel García
Batting: LHB Mike Davis 0-0: Foul Ball, location: 2F
0-1: Swinging Strike
0-2: Foul Ball, location: 2F
0-2: Foul Ball, location: 2F
0-2: Ball
1-2: Ball
2-2: Ball
3-2: DOUBLE (Line Drive, 3L)
Pinch Runner at 2nd António Romo:
Batting: RHB Ryan Jackson 0-0: Ball
1-0: Ball
2-0: Fly out, F8 (Flyball, 8RS)
Batting: SHB José Estreito 0-0: Foul Ball, location: 2F
0-1: Called Strike
0-2: Ball
1-2: Ground out 6-3 (Groundball, 6)
Batting: RHB Juan Gonzáles 0-0: Swinging Strike
0-1: Ball
1-1: Ball
2-1: Ball
3-1: Fly out, F1 (Line Drive, 15)
Top of the 6th over - 0 run(s), 1 hit(s), 0 error(s), 1 left on base; Athens 2 - Pensacola 3
BOTTOM OF THE 6TH
Pensacola Pilots batting - Pitching for Athens Assassins : LHP Desi Wells
Now at 3B: António Romo
Batting: RHB Jonny Lord 0-0: Ball
1-0: Ball
2-0: Called Strike
2-1: Swinging Strike
2-2: Strikes out looking
Pitching: RHP José Moreno
Batting: LHB Jorge Silva 0-0: Called Strike
0-1: Called Strike
0-2: Ball
1-2: Ball
2-2: Strikes out swinging
Batting: RHB Leopoldo Horgan 0-0: Ball
1-0: Foul Ball, location: 2F
1-1: Ball
2-1: Ball
3-1: Foul Ball, location: 2F
3-2: Foul Ball, location: 2F
3-2: SINGLE (Groundball, 5D)
Batting: LHB Nick Gamble 0-0: Swinging Strike
0-1: Foul Ball, location: 2F
0-2: Ball
1-2: Ball
Leopoldo Horgan steals 2nd base
2-2: Ball
3-2: Foul Ball, location: 2F
3-2: Base on Balls
Pitching: RHP Tony Murillo
Batting: LHB Alan McGilroy 0-0: Called Strike
0-1: Called Strike
0-2: Foul Ball, location: 2F
0-2: Ball
1-2: Fly out, F4 (Popup, 34)
Bottom of the 6th over - 0 run(s), 1 hit(s), 0 error(s), 2 left on base; Athens 2 - Pensacola 3
TOP OF THE 7TH
Athens Assassins batting - Pitching for Pensacola Pilots : RHP Miguel García
Batting: LHB Tommy Payne 0-0: Ball
1-0: Swinging Strike
1-1: SINGLE (Groundball, 4M) (infield hit)
Batting: LHB Terry Simpson 0-0: Ball
1-0: Called Strike
Tommy Payne is caught stealing 2nd base
1-1: Ball
2-1: Foul Ball, location: 2F
2-2: Foul Ball, location: 2F
2-2: Ball
3-2: Ground out U3 (Groundball, 3S)
Batting: LHB Xavier Smith 0-0: Ball
1-0: Called Strike
1-1: Foul Ball, location: 2F
1-2: Strikes out swinging
Top of the 7th over - 0 run(s), 1 hit(s), 0 error(s), 0 left on base; Athens 2 - Pensacola 3
BOTTOM OF THE 7TH
Pensacola Pilots batting - Pitching for Athens Assassins : RHP Tony Murillo
Batting: RHB José Cordero 0-0: Ball
1-0: Called Strike
1-1: Ball
2-1: Ball
3-1: Fly out, F7 (Flyball, 8LM)
Pitching: RHP Jason Mason
Batting: RHB José Velázquez 0-0: Fly out, F7 (Line Drive, 78D)
Batting: RHB Peter Bishop 0-0: Called Strike
0-1: Fly out, F7 (Flyball, 78S)
Bottom of the 7th over - 0 run(s), 0 hit(s), 0 error(s), 0 left on base; Athens 2 - Pensacola 3
TOP OF THE 8TH
Athens Assassins batting - Pitching for Pensacola Pilots : RHP Miguel García
Pitching: RHP Manuel Cadenas
Now at SS: Armando Domínguez
Batting: LHB Al Bartlett 0-0: Called Strike
0-1: Swinging Strike
0-2: Ball
1-2: Ball
2-2: Ball
3-2: Base on Balls
Batting: RHB Emílio García 0-0: Sac Bunt - play at first, batter OUT! 1-4
Al Bartlett to second
Batting: LHB António Romo 0-0: Ball
1-0: Called Strike
1-1: Ball
2-1: Ball
3-1: Base on Balls
Pitching: RHP Pedro Vargas
Pinch Hitting: LHB Pedro Rodríguez 0-0: Called Strike
0-1: Ball
1-1: Ball
2-1: 3-RUN HOME RUN (Flyball, 89XD), Distance : 434 ft
Batting: SHB José Estreito 0-0: Called Strike
0-1: Ball
1-1: Ball
2-1: Foul Ball, location: 2F
2-2: Foul Ball, location: 2F
2-2: Foul Ball, location: 2F
2-2: Ball
3-2: Base on Balls
Pitching: RHP Bill Long
Batting: RHB Juan Gonzáles 0-0: Ball
José Estreito steals 2nd base
1-0: DOUBLE (Line Drive, 7LS)
José Estreito scores
Batting: LHB Tommy Payne 0-0: Ball
1-0: Ball
2-0: SINGLE (Groundball, 4MD)
Juan Gonzáles to third
Batting: LHB Terry Simpson 0-0: Foul Ball, location: 2F
0-1: Ball
1-1: SINGLE (Groundball, 3D)
Juan Gonzáles scores
Tommy Payne to second
Runner from 2nd tries for 3rd, SAFE, no throw or cutoff
Pitching: RHP Javier Gómes
Batting: LHB Xavier Smith 0-0: SINGLE (Groundball, 6MD)
Tommy Payne scores
Terry Simpson to second
Batting: LHB Al Bartlett 0-0: Called Strike
0-1: Swinging Strike
0-2: Ball
1-2: Foul Ball, location: 2F
1-2: Ball
2-2: Foul Ball, location: 2F
2-2: Ball
3-2: Base on Balls
Terry Simpson to third
Xavier Smith to second
Batting: RHB Emílio García 0-0: Ball
1-0: Ball
2-0: Called Strike
2-1: Ball
3-1: Grounds into double play, U6-3 (Groundball, 6M)
Top of the 8th over - 6 run(s), 5 hit(s), 0 error(s), 2 left on base; Athens 8 - Pensacola 3
BOTTOM OF THE 8TH
Pensacola Pilots batting - Pitching for Athens Assassins : RHP Jason Mason
Now at 1B: Pedro Rodríguez
Batting: RHB Miguel Mendoza 0-0: Swinging Strike
0-1: Ball
1-1: Called Strike
1-2: Strikes out swinging
Batting: RHB Jonny Lord 0-0: Ball
1-0: Ball
2-0: Foul Ball, location: 2F
2-1: Foul Ball, location: 2F
2-2: Reached on error, E5 (Groundball, 56S)
Batting: LHB Jorge Silva 0-0: Ball
1-0: Called Strike
1-1: Swinging Strike
1-2: Fielders Choice at 2nd, 4-6 (Groundball, 34)
Batting: RHB Leopoldo Horgan 0-0: Ball
1-0: Ball
2-0: Swinging Strike
2-1: Foul Ball, location: 2F
2-2: 2-RUN HOME RUN (Flyball, 7D), Distance : 392 ft
Batting: LHB Nick Gamble 0-0: Ball
1-0: Ball
2-0: Ball
3-0: Base on Balls
Batting: LHB Alan McGilroy 0-0: Swinging Strike
0-1: Foul Ball, location: 2F
0-2: Foul Ball, location: 2F
0-2: SINGLE (Flyball, 8RS)
Nick Gamble to second
Batting: RHB José Cordero 0-0: Ball
1-0: Called Strike
1-1: Foul Ball, location: 2F
1-2: Hit by Pitch
Nick Gamble to third
Alan McGilroy to second
Batting: RHB José Velázquez 0-0: DOUBLE (Line Drive, 8RM)
Nick Gamble scores
Alan McGilroy scores
José Cordero to third
Runner from 3rd tries for Home, SAFE, no throw or cutoff
Pinch Hitting: LHB Weston Chaney 0-0: Ball
1-0: Ball
2-0: Ball
3-0: Swinging Strike
3-1: Foul Ball, location: 2F
3-2: Base on Balls
Batting: RHB Miguel Mendoza 0-0: Ball
1-0: Called Strike
1-1: Ball
2-1: Swinging Strike
2-2: Hit by Pitch
José Velázquez to third
Weston Chaney to second
Pinch Hitting: RHB Jesús Sánchez 0-0: Foul Ball, location: 2F
0-1: Ground out 4-3 (Groundball, 4)
Bottom of the 8th over - 5 run(s), 3 hit(s), 1 error(s), 3 left on base; Athens 8 - Pensacola 8
TOP OF THE 9TH
Athens Assassins batting - Pitching for Pensacola Pilots : RHP Javier Gómes
Pitching: RHP Ken Austin
Now at 2B: Markus Cummins
Now at SS: José Herrera
Batting: LHB António Romo 0-0: Swinging Strike
0-1: Ball
1-1: Foul Ball, location: 2F
1-2: SINGLE (Flyball, 7S)
Batting: LHB Pedro Rodríguez 0-0: SINGLE (Groundball, 25) (infield hit)
António Romo to second
Batting: SHB José Estreito 0-0: Ball
1-0: Foul Ball, location: 2F
1-1: Ball
2-1: Swinging Strike
2-2: Strikes out swinging
Batting: RHB Juan Gonzáles 0-0: Ball
1-0: Ball
2-0: Called Strike
2-1: Swinging Strike
2-2: Fly out, F3 (Popup, 3SF)
Batting: LHB Tommy Payne 0-0: Foul Ball, location: 2F
0-1: Ball
1-1: Called Strike
1-2: Ball
2-2: Ball
3-2: Foul Ball, location: 2F
3-2: Foul Ball, location: 2F
Balk!
António Romo to third
Pedro Rodríguez to second
3-2: Base on Balls
Batting: LHB Terry Simpson 0-0: Ball
1-0: Swinging Strike
1-1: Ball
2-1: Called Strike
2-2: Ball
3-2: Strikes out swinging
Top of the 9th over - 0 run(s), 2 hit(s), 0 error(s), 3 left on base; Athens 8 - Pensacola 8
BOTTOM OF THE 9TH
Pensacola Pilots batting - Pitching for Athens Assassins : RHP Jason Mason
Pitching: RHP Luis Méndez
Batting: LHB Jorge Silva 0-0: Foul Ball, location: 2F
0-1: DOUBLE (Groundball, 3L)
Pinch Hitting: RHB Gustavo Rodríguez Pickoff Throw to Second - Out!
0-0: Ball
1-0: Ball
2-0: Ball
3-0: Base on Balls
Pinch Runner at 1st Jeff Bergeron:
Batting: LHB Nick Gamble 0-0: Ball
1-0: Ball
2-0: Foul Ball, location: 2F
2-1: Foul Ball, location: 2F
2-2: Foul Ball, location: 2F
2-2: Strikes out looking
Batting: LHB Alan McGilroy 0-0: Ball
1-0: Called Strike
1-1: Foul Ball, location: 2F
1-2: Ball
2-2: 2-RUN HOME RUN (Flyball, 9D), Distance : 387 ft
Monday, December 5th, 2016 - OOTP Baseball 17.12 Build 75